 Dungeon Crawl Stone Soup version 0.27.1-15-g792fb953b9 (webtiles) character file.

Game seed: 17194074689889834957

5 zeram the Sneak (level 1, 0/9 HPs)
             Began as a Spriggan Enchanter on Nov 19, 2021.
             Slain by a hobgoblin (2 damage)
             ... on level 1 of the Dungeon.
             The game lasted 00:00:43 (407 turns).

zeram the Sneak (Spriggan Enchanter)                 Turns: 407, Time: 00:00:44

Health: 0/9        AC:  2    Str:  4    XL:     1   Next: 66%
Magic:  4/5        EV: 17    Int: 16    God:
Gold:   34         SH:  0    Dex: 15    Spells: 4/5 levels left

rFire    . . .     SeeInvis +   a - +1 dagger
rCold    . . .     Faith    .   (shield restricted)
rNeg     . . .     Spirit   .   b - +0 robe
rPois    .         Reflect  .   (helmet restricted)
rElec    .         Harm     .   (no cloak)
rCorr    .         Rampage  .   (gloves unavailable)
Will     .....                  (boots unavailable)
Stlth    +++.......             (no amulet)
HPRegen  0.03/turn              (no ring)
MPRegen  0.09/turn              (no ring)

@: very quick
A: very small, no large weapons, unfitting armour, see invisible, speed 3
a: no special abilities


You were on level 1 of the Dungeon.
You visited 1 branch of the dungeon, and saw 1 of its levels.

You collected 34 gold pieces.

Inventory:

Hand Weapons
 a - a +1 dagger (weapon)
Armour
 b - a +0 robe (worn)
Scrolls
 c - a scroll of silence {unknown}
Potions
 d - a potion of heal wounds {unknown}
 e - a potion of cancellation {unknown}


   Skills:
 + Level 1.1 Short Blades
 + Level 2.8 Dodging
 + Level 4.6 Stealth
 + Level 2.8 Spellcasting
 + Level 3.8 Hexes


You had 4 spell levels left.
You knew the following spells:

 Your Spells              Type           Power      Damage    Failure   Level
a - Corona                Hex            15%        N/A       4%          1

Your spell library contained the following spells:

 Spells                   Type           Power      Damage    Failure   Level
 Confusing Touch          Hex            14%        N/A       12%         3
 Tukima's Dance           Hex            14%        N/A       12%         3
 Ensorcelled Hibernation  Hex/Ice        16%        N/A       13%         2
 Dazzling Flash           Conj/Hex       16%        N/A       26%         3


Dungeon Overview and Level Annotations

Branches:
Dungeon (1/15)

Altars:


Innate Abilities, Weirdness & Mutations

You are very small and have problems with some larger weapons.
You are too small for most types of armour.
You have supernaturally acute eyesight. (SInv)
You cover ground extremely quickly. (Speed+++)


Message History

You hit the goblin.
You kill the goblin!
No target in view!
You open the door.
Found a stone staircase leading down.
There is an open door here.
Found 24 stones.
Found 13 gold pieces and a runed pearl ring.
Found a smoky silvery potion.
A frilled lizard comes into view.
The frilled lizard hisses angrily.
A frilled lizard is nearby!
A frilled lizard is nearby!
A frilled lizard is nearby!
A hobgoblin comes into view.
Found a hand axe.
The hobgoblin shouts!
There is a stone staircase leading down here.
The frilled lizard bites you.
You completely miss the frilled lizard.
The frilled lizard bites you but does no damage.
You hit the frilled lizard.
You kill the frilled lizard!
There is a stone staircase leading down here.
A hobgoblin is nearby!
A hobgoblin is nearby!
The hobgoblin hits you.
* * * LOW HITPOINT WARNING * * *
You are too injured to fight recklessly!
You are too injured to fight recklessly!
Casting: Corona (safe; 4% risk of failure)
Confirm with . or Enter, or press ? or * to list all spells.
You don't know that spell.
Casting: Corona (safe; 4% risk of failure)
Confirm with . or Enter, or press ? or * to list all spells.
Aiming: Corona (safe; 4% risk of failure)
Press: ? - help, Shift-Dir - straight line, f - hobgoblin
Aim: a hobgoblin (chance to affect: 68%)
The hobgoblin is outlined in light.
The hobgoblin hits you.
You die...

..# ... .........# ..
.....#........# .#
.....#=.. ....##.#
......... ......#.# #
........# #.....#.#.#
.......####$.!..#.#.#.
.............g........
####........@.......
#######..####..........
...............>#.#.#...
#########............)...
+..(..........#.##†......
########......#.# .......
#......... .......
#######'##+##.# .#.....
#..........##.# .......


You could see a hobgoblin (corona).

Vanquished Creatures
  A bat (D:1)
  A goblin (D:1)
  A quokka (D:1)
  A frilled lizard (D:1)
  A kobold (D:1)
5 creatures vanquished.

Notes
Turn   | Place    | Note
-------+----------+-------------------------------------------
     0 | D:1      | zeram the Spriggan Enchanter began the quest for the Orb.
     0 | D:1      | Reached XP level 1. HP: 9/9 MP: 5/5
   407 | D:1      | Slain by a hobgoblin

Illustrated notes

Levels and vault maps discovered:
D:1:      ncdulo_smallfort, layout_basic, shapermc_ecumenical_altar_venn

Action                   || total
-------------------------++-------
Melee: Dagger            ||    23
 Cast: Corona            ||     1
Armor: Robe              ||     2
Dodge: Dodged            ||    17
